 Dungeon Crawl Stone Soup version 0.29-a0-643-ga013cefcf8 (webtiles) character file.

Game seed: 17275690667864738896

118 happo123 the Gusty (level 5, -1/28 HPs)
             Began as a Tengu Air Elementalist on June 19, 2022.
             Slain by a gnoll shaman
             ... wielding a +0 club
              (3 damage)
             ... on level 2 of the Dungeon.
             The game lasted 00:14:58 (1817 turns).

happo123 the Gusty (Tengu Air Elementalist)         Turns: 1817, Time: 00:14:59

Health: -1/28      AC:  2    Str:  9    XL:     5   Next: 2%
Magic:  1/9        EV: 15    Int: 17    God:
Gold:   104        SH:  0    Dex: 14    Spells: 2/8 levels left

rFire   . . .      SeeInvis .   e - +1 dagger (venom)
rCold   . . .      Faith    .   (no shield)
rNeg    . . .      Spirit   .   a - +0 robe
rPois   +          Reflect  .   (helmet restricted)
rElec   .          Harm     .   (no cloak)
rCorr   .          Rampage  .   (no gloves)
Will    .....                   (boots unavailable)
Stlth   ++........              f - amulet of the acrobat
HPRegen 0.09/turn               g - ring of poison resistance
MPRegen 0.11/turn               (no ring)

@: flying quickly and evasively, quick
A: beak, talons 3, nimble flight
a: no special abilities


You were on level 2 of the Dungeon.
You visited 1 branch of the dungeon, and saw 3 of its levels.

You collected 104 gold pieces.

Inventory:

Hand Weapons
 e - a +1 dagger of venom (weapon)
 i - a +0 rapier
Armour
 a - a +0 robe (worn)
Jewellery
 f - an amulet of the acrobat (around neck)
 g - a ring of poison resistance (left hand)
Scrolls
 c - a scroll of amnesia {unknown}
 h - a scroll of fog {unknown}
 k - a scroll of immolation {unknown}
 l - a scroll of magic mapping {unknown}
 n - a scroll of teleportation {unknown}
Potions
 b - a potion of magic
 d - a potion of lignification {unknown}
 j - 3 potions of attraction {unknown}
 m - a potion of heal wounds {unknown}
 o - a potion of curing {unknown}


   Skills:
 + Level 0.9 Fighting
 + Level 1.1 Short Blades
 + Level 2.7 Dodging
 + Level 2.8 Stealth
 + Level 2.3 Spellcasting
 * Level 3.0 Conjurations
 * Level 5.0 Air Magic


You had 2 spell levels left.
You knew the following spells:

 Your Spells              Type           Power      Damage    Failure   Level
a - Shock                 Conj/Air       60%        1d6       3%          1
b - Static Discharge      Conj/Air       15%        N/A       5%          2
c - Swiftness             Air            19%        N/A       7%          3

Your spell library contained the following spells:

 Spells                   Type           Power      Damage    Failure   Level
 Airstrike                Air            9%         N/A       24%         4


Dungeon Overview and Level Annotations

Branches:
Dungeon (3/15)

Altars:


Innate Abilities, Weirdness & Mutations

You have a beak for a mouth.
You have claws for feet.
Your magical nature lets you fly swiftly and evasively.


Message History

Aiming: Shock (safe; 3% risk of failure)
Press: ? - help, Q - select action, (/) - cycle Shift-Dir - straight line
Aiming: Shock (safe; 3% risk of failure)
Press: ? - help, Q - select action, (/) - cycle Shift-Dir - straight line, f - gnoll shaman
Aim: a gnoll shaman, wielding a +0 club and wearing a +0 robe (75% to hit)
The zap misses the gnoll shaman.
You don't have enough magic to cast this spell.
You barely miss the gnoll shaman.
A gnoll comes into view.
It is wielding a +0 halberd and wearing a +0 ring mail of cold resistance.
The gnoll shaman closely misses you.
The gnoll shouts!
You hit the gnoll shaman.
The gnoll shaman is poisoned.
The gnoll shaman is lightly wounded.
A gnoll comes into view. It is wielding a +0 club.
The gnoll shaman calls upon its god to speed up the gnoll.
The gnoll seems to speed up.
Aiming: Shock (safe; 3% risk of failure)
Press: ? - help, Q - select action, (/) - cycle Shift-Dir - straight line, f/p - gnoll shaman
Aim: a gnoll shaman, wielding a +0 club and wearing a +0 robe (lightly wounded, very poisoned, 75% to hit)
The zap hits the gnoll shaman but does no damage.
The gnoll shaman is lightly wounded.
The zap hits the gnoll.
The gnoll is lightly wounded.
The gnoll shouts!
The gnoll shaman hits you with a +0 club!
* * * LOW HITPOINT WARNING * * *
There is a stone staircase leading up here.
The gnoll shaman closely misses you.
You fly upwards.
There is a stone staircase leading down here.
You barely miss the gnoll shaman. Your kick misses the gnoll shaman.
The gnoll shaman is heavily wounded.
The gnoll shaman invokes the aid of its god against you.
You resist with some effort.
You hit the gnoll shaman but do no damage.
The gnoll shaman looks as sick as possible!
Your kick misses the gnoll shaman.
The gnoll shaman is heavily wounded.
The gnoll shaman hits you with a +0 club.
You die...

#.#
#.###..........########
#.# #.##..#.#.#.#.)#
#.# #.##...........#
#.# #.##..#.#.#.#..#
#.# #..............#
###.# #.....#.#.#.#..#
....###..............#
......#.....#.#.#.#..#
##.)............@g..##
##.#.################
##.#.....# ##.#..##.#
##.#..##.# ##.#...#.#
##.#####.# #.......#
#########


You could see a gnoll shaman (extremely poisoned).

Vanquished Creatures
  3 gnolls (D:3)
  3 adders
  3 worms
  4 orcs (D:3)
  2 ball pythons (D:1)
  2 bats
  4 endoplasms
  3 giant cockroaches
  3 goblins
  4 hobgoblins
  3 jackals (D:1)
  6 kobolds
  A quokka (D:3)
  2 frilled lizards (D:1)
  4 rats
47 creatures vanquished.

Notes
Turn   | Place    | Note
-------+----------+-------------------------------------------
     0 | D:1      | happo123 the Tengu Air Elementalist began the quest for the
                  | Orb.
     0 | D:1      | Reached XP level 1. HP: 10/10 MP: 4/4
   207 | D:1      | Reached XP level 2. HP: 15/15 MP: 1/6
   210 | D:1      | Learned a level 2 spell: Static Discharge
   552 | D:1      | Found a faded altar of an unknown god.
   781 | D:2      | Reached XP level 3. HP: 20/20 MP: 7/7
   785 | D:2      | Learned a level 3 spell: Swiftness
  1259 | D:2      | Reached XP level 4. HP: 24/24 MP: 2/8
  1430 | D:3      | Reached skill level 1 in Short Blades
  1769 | D:3      | Reached skill level 5 in Air Magic
  1802 | D:3      | Gained mutation: Your magical nature lets you fly swiftly
                  | and evasively. [Tengu growth]
  1802 | D:3      | Reached XP level 5. HP: 10/28 MP: 2/9
  1817 | D:2      | Slain by a gnoll shaman

Illustrated notes

Levels and vault maps discovered:
D:1:      dpeg_arrival_tiny_a, layout_loops_ring,
          shapermc_ecumenical_altar_totnotflames
D:2:      layout_basic, st_stairs_2
D:3:      layout_rooms, uniq_jessica, uniq_ijyb, uniq_natasha

Skill      XL: |  1  2  3  4 |
---------------+-------------+-----
Conjurations   | 2 3 |  3.0
Short Blades   | 1 |  1.1
Air Magic      | 5 |  5.0
Fighting       | |  0.9
Dodging        | |  2.7
Stealth        | |  2.8
Spellcasting   | |  2.3

Action                   |  1- 3 |  4- 6 || total
-------------------------+-------+-------++-------
Melee: Dagger            |    34 |    22 ||    56
       Peck              |     6 |     2 ||     8
       Kick              |     5 |     3 ||     8
       Punch             |     1 |       ||     1
 Cast: Shock             |    42 |    26 ||    68
       Static Discharge  |     3 |     4 ||     7
 Stab: Sleeping          |     2 |       ||     2
       Distracted        |     1 |       ||     1
Armor: Robe              |     3 |     5 ||     8
Dodge: Dodged            |    31 |    19 ||    50

Table legend: (Time is in decaauts)
 A = Elapsed time spent in this place.
 B = Non-inter-level travel time spent in this place.
 C = Inter-level travel time spent in this place.
 D = Time resting spent in this place.
 E = Time spent auto-exploring this place.
 F = Levels seen in this place.
 G = Mean time per level.
                   A        B        C        D        E       F      G
               +--------+--------+--------+--------+--------+-----+--------+
         Total |   1813 |   1231 |    582 |    296 |    437 |   3 |  604.3 |
       Dungeon |   1813 |   1231 |    582 |    296 |    437 |   3 |  604.3 |
               +--------+--------+--------+--------+--------+-----+--------+

Top non-repeatable levels by time:
     D:1: 758 daAuts
     D:2: 645 daAuts
     D:3: 410 daAuts
